[Event "Titled Tuesday Blitz March 29 Late 2022"]
[White "Horcajuelo Rocamora, Martin"]
[Black "Perera Alfonso, Rene Humberto"]
[WhiteFideId "24573027"]
[BlackFideId "3514722"]
[WhiteElo "1706"]
[BlackElo "2313"]
[Result "0-1"]
[Round "04"]
[TimeControl "180+1"]
[Date "2022.03.30"]
[WhiteClock "0:00:53"]
[BlackClock "0:02:08"]

1. e4 c5 2. Nf3 d6 3. d4 cxd4 4. Nxd4 Nf6 5. Nc3 g6 6. Be3 a6 7. Bc4 Ng4 8. Bg5 Bg7 9. h3 Qb6 10. hxg4 Bxd4 11. O-O Qc5 12. Qd3 Bxc3 13. Qxc3 Qe5 14. Qxe5 dxe5 15. f3 Nc6 16. c3 h5 17. gxh5 Rxh5 18. Be3 Bd7 19. Rad1 f5 20. exf5 gxf5 21. Bb6 Rc8 22. Bb3 Rh6 23. Rd2 Be6 24. Bxe6 Rxe6 25. Be3 Rd6 26. Rfd1 Rcd8 27. Rxd6 exd6 28. Rxd6 Rxd6 0-1


[Site "https://www.chess.com"]

[Event "Titled Tuesday Blitz March 29 Late 2022"]
[White "Ibarra Jerez, Jose Carlos"]
[Black "Moral Garcia, Serafin"]
[WhiteFideId "2226332"]
[BlackFideId "2201925"]
[WhiteElo "2626"]
[BlackElo "2228"]
[Result "1-0"]
[Round "04"]
[TimeControl "180+1"]
[Date "2022.03.29"]
[WhiteClock "0:02:01"]
[BlackClock "0:02:20"]

1. Nf3 Nf6 2. g3 g6 3. b3 Bg7 4. Bb2 c5 5. c4 d6 6. d4 Ne4 7. Bg2 O-O 8. O-O Nc6 9. e3 Bf5 10. Nh4 Qd7 11. Nxf5 Qxf5 12. g4 1-0


[Site "https://www.chess.com"]

[Event "Titled Tuesday Blitz March 29 Late 2022"]
[White "Ider, Borya"]
[Black "Dubov, Daniil"]
[WhiteFideId "4901134"]
[BlackFideId "24126055"]
[WhiteElo "2512"]
[BlackElo "2791"]
[Result "0-1"]
[Round "04"]
[TimeControl "180+1"]
[Date "2022.03.29"]
[WhiteClock "0:00:04"]
[BlackClock "0:00:12"]

1. c3 Nf6 2. Qc2 d5 3. Nf3 Nc6 4. d4 g6 5. Bf4 Bf5 6. Qb3 Rb8 7. Nbd2 Bg7 8. e3 O-O 9. h3 Na5 10. Qa4 b6 11. Be2 Bd7 12. Qd1 Nb7 13. Ba6 Nd6 14. Ne5 Be8 15. Bd3 c5 16. O-O Rc8 17. a4 Nd7 18. Nef3 Nf6 19. Ne5 Nfe4 20. a5 Nxd2 21. Qxd2 b5 22. a6 c4 23. Bc2 Ne4 24. Qe2 Qb6 25. f3 Nd6 26. Kh1 b4 27. e4 b3 28. Bb1 e6 29. Ng4 h5 30. Nf2 Bb5 31. e5 Nf5 32. Qd2 h4 33. Ng4 Bxa6 34. Nf6+ Bxf6 35. exf6 Kh7 36. Bxf5 exf5 37. Be5 Rh8 38. Qf4 Kg8 39. Bd6 Bb5 40. Rfe1 Re8 41. Rxe8+ Bxe8 42. Qe5 Kh7 43. Bc5 Qe6 44. Qxe6 fxe6 45. Rxa7+ Kh6 46. f7 Bxf7 47. Rxf7 Ra8 48. Ba3 Kg5 49. Kg1 e5 50. dxe5 d4 51. cxd4 Rxa3 52. e6 c3 53. bxc3 b2 54. Rb7 Ra1+ 55. Kf2 b1=Q 56. Rxb1 Rxb1 57. c4 Kf6 58. d5 Rc1 0-1


[Site "https://www.chess.com"]

[Event "Titled Tuesday Blitz March 29 Late 2022"]
[White "Indjic, Aleksandar"]
[Black "Ambartsumova, Karina"]
[WhiteFideId "911925"]
[BlackFideId "4166299"]
[WhiteElo "2616"]
[BlackElo "2262"]
[Result "1-0"]
[Round "04"]
[TimeControl "180+1"]
[Date "2022.03.29"]
[WhiteClock "0:01:15"]
[BlackClock "0:00:08"]

1. d4 Nf6 2. c4 e6 3. Nc3 d5 4. cxd5 exd5 5. Bg5 Be7 6. e3 c6 7. Bd3 Nbd7 8. Qc2 h6 9. Bh4 Nh5 10. Bxe7 Qxe7 11. Nge2 Nb6 12. O-O-O Bd7 13. Kb1 O-O-O 14. Na4 Nxa4 15. Qxa4 Kb8 16. Rc1 Rhe8 17. Qb3 Qg5 18. g3 Bf5 19. Ka1 Bxd3 20. Qxd3 Qe7 21. Nc3 Nf6 22. Na4 Ne4 23. Rc2 h5 24. h4 Qf6 25. Qe2 Re7 26. Qxh5 Nxf2 27. Rf1 Rxe3 28. Nc3 Rf3 29. Qe5+ Qxe5 30. dxe5 d4 31. Nb1 Rxg3 32. Rcxf2 d3 33. Rxf7 d2 34. Rd1 Rg2 35. e6 Re2 36. Rd7 Re8 37. R1xd2 R2xe6 38. Rxg7 Rh6 39. Rdd7 Re1 40. Rd8# 1-0


[Site "https://www.chess.com"]

[Event "Titled Tuesday Blitz March 29 Late 2022"]
[White "Jary, Sergey"]
[Black "Fedoseev, Vladimir"]
[WhiteFideId "14110350"]
[BlackFideId "24130737"]
[WhiteElo "2260"]
[BlackElo "2726"]
[Result "1/2-1/2"]
[Round "04"]
[TimeControl "180+1"]
[Date "2022.03.29"]
[WhiteClock "0:00:21"]
[BlackClock "0:00:03"]

1. e4 c5 2. Nf3 d6 3. d4 cxd4 4. Nxd4 Nf6 5. f3 e5 6. Bb5+ Nbd7 7. Nf5 a6 8. Bxd7+ Qxd7 9. Nc3 Qc6 10. Bg5 Bxf5 11. exf5 Be7 12. Qd2 Qd7 13. Bxf6 Bxf6 14. Nd5 Bd8 15. O-O-O Qxf5 16. Kb1 O-O 17. Ne3 Qf4 18. Qd3 Rc8 19. g3 Qxf3 20. Rhf1 Qc6 21. h4 g6 22. Nd5 f5 23. h5 Qc4 24. Qd2 g5 25. b3 Qc6 26. h6 Rf7 27. c4 b5 28. Rc1 bxc4 29. Rxc4 Qb7 30. Rfc1 Rxc4 31. Rxc4 Qd7 32. Rb4 f4 33. Rb8 Kf8 34. gxf4 gxf4 35. Qg2 f3 36. Qf2 Ke8 37. Qh4 f2 38. Nf6+ Rxf6 39. Qxf6 Qc7 40. Qh8+ Kd7 41. Qxh7+ Ke6 42. Qxc7 f1=Q+ 43. Qc1 Qd3+ 44. Qc2 Qf1+ 45. Qc1 Qd3+ 46. Qc2 Qf1+ 47. Qc1 1/2-1/2


[Site "https://www.chess.com"]

[Event "Titled Tuesday Blitz March 29 Late 2022"]
[White "Kadric, Denis"]
[Black "Romero Ruscalleda, Josep"]
[WhiteFideId "14403803"]
[BlackFideId "2231859"]
[WhiteElo "2657"]
[BlackElo "2335"]
[Result "1-0"]
[Round "04"]
[TimeControl "180+1"]
[Date "2022.03.29"]
[WhiteClock "0:01:48"]
[BlackClock "0:00:58"]

1. e4 g6 2. d4 Bg7 3. Nc3 d6 4. f4 a6 5. Nf3 b5 6. Bd3 Nd7 7. a4 b4 8. Ne2 c5 9. c3 bxc3 10. bxc3 Ngf6 11. e5 Nd5 12. Be4 Bb7 13. Qb3 N7b6 14. a5 c4 15. Qb1 dxe5 16. fxe5 f5 17. exf6 exf6 18. axb6 f5 19. Bxd5 Qxd5 20. Ba3 Kf7 21. O-O h6 22. Nf4 Qd7 23. Qb4 Rhe8 24. Qxc4+ 1-0


[Site "https://www.chess.com"]

[Event "Titled Tuesday Blitz March 29 Late 2022"]
[White "Kaganskiy, Gleb"]
[Black "Cagara, Paulina"]
[WhiteFideId "4132025"]
[BlackFideId "1124870"]
[WhiteElo "2165"]
[BlackElo "1780"]
[Result "0-1"]
[Round "04"]
[TimeControl "180+1"]
[Date "2022.03.30"]
[WhiteClock "0:00:01"]
[BlackClock "0:01:27"]

1. e4 c6 2. d4 d5 3. Nd2 a6 4. Ngf3 Bg4 5. h3 Bh5 6. g4 Bg6 7. exd5 cxd5 8. Ne5 Nc6 9. f4 e6 10. c3 Qh4+ 11. Ke2 Nf6 12. Qe1 Qxe1+ 13. Kxe1 Be4 14. Nxe4 Nxe4 15. Bg2 Nf6 16. Be3 Bd6 17. Ke2 O-O 18. Bf3 Rac8 19. g5 Ne4 20. Bxe4 dxe4 21. h4 b5 22. a3 a5 23. Nxc6 Rxc6 24. h5 b4 25. axb4 axb4 26. Rhc1 bxc3 27. bxc3 Rfc8 28. Kd2 f6 29. gxf6 gxf6 30. h6 Kf7 31. Rg1 Rg8 32. Ra7+ Rc7 33. Rxc7+ Bxc7 34. Rxg8 Kxg8 35. c4 Kf7 36. c5 f5 37. Kc3 Ke7 38. Kb4 Kd7 39. Kb5 Bd8 40. c6+ Kc8 41. Kc5 Be7+ 42. Kb6 Bf8 43. Bd2 Bxh6 44. Kc5 Bf8+ 45. Kb6 h5 46. Be1 Be7 0-1


[Site "https://www.chess.com"]

[Event "Titled Tuesday Blitz March 29 Late 2022"]
[White "Karas, Marek"]
[Black "Nazari, Arad"]
[WhiteFideId "14928558"]
[BlackFideId "12577324"]
[WhiteElo "2271"]
[BlackElo "2120"]
[Result "0-1"]
[Round "04"]
[TimeControl "180+1"]
[Date "2022.03.30"]
[WhiteClock "0:00:41"]
[BlackClock "0:01:34"]

1. d4 Nf6 2. Nf3 g6 3. Bg5 Bg7 4. Nbd2 d5 5. e3 O-O 6. Bd3 b6 7. O-O Bb7 8. Qe2 Nbd7 9. e4 dxe4 10. Nxe4 Nxe4 11. Bxe4 Bxe4 12. Qxe4 Nf6 13. Bxf6 Bxf6 14. c3 e6 15. Qc6 Qd6 16. Qxd6 cxd6 17. a4 d5 18. Ne1 Rfc8 19. Nd3 Rc4 20. Rfc1 Rac8 21. Kf1 a6 22. Ke2 Rb8 23. f4 Be7 24. Ne5 Rc7 25. Nd3 Bd6 26. g3 f6 27. Kd2 Kf7 28. Re1 Rc6 29. Rac1 b5 30. axb5 Rxb5 31. Ra1 a5 32. Ra2 Bc7 33. Rb1 h6 34. Re1 g5 35. Raa1 Rb8 36. b4 axb4 37. Nxb4 Rcb6 38. Ra7 R8b7 39. Rea1 gxf4 40. Nd3 fxg3 41. Nc5 Rxa7 42. Rxa7 gxh2 43. Ra1 Rb2+ 44. Kd3 Rg2 0-1


[Site "https://www.chess.com"]

[Event "Titled Tuesday Blitz March 29 Late 2022"]
[White "Karavaeva, Olga"]
[Black "Dahlgren, James Allen"]
[WhiteFideId "4124111"]
[BlackFideId "22256873"]
[WhiteElo "2105"]
[BlackElo "2138"]
[Result "1-0"]
[Round "04"]
[TimeControl "180+1"]
[Date "2022.03.30"]
[WhiteClock "0:01:36"]
[BlackClock "0:01:09"]

1. c4 e6 2. g3 d5 3. Bg2 Nf6 4. Nf3 Be7 5. O-O O-O 6. b3 c5 7. cxd5 exd5 8. d4 cxd4 9. Nxd4 Nc6 10. Bb2 Bg4 11. h3 Bh5 12. Nd2 Qd7 13. Rc1 Rfe8 14. g4 Bg6 15. e3 Rad8 16. N2f3 Be4 17. Qe2 h5 18. g5 Nh7 19. Nxc6 bxc6 20. Ne5 Qf5 21. f4 f6 22. Nxc6 fxg5 23. Nxd8 Bxd8 24. Qxh5 Bxg2 25. Qxe8+ Nf8 26. Kxg2 Qe4+ 27. Qxe4 1-0


[Site "https://www.chess.com"]

[Event "Titled Tuesday Blitz March 29 Late 2022"]
[White "Kosakowski, Jakub"]
[Black "Bluebaum, Matthias"]
[WhiteFideId "1185080"]
[BlackFideId "24651516"]
[WhiteElo "2476"]
[BlackElo "2550"]
[Result "0-1"]
[Round "04"]
[TimeControl "180+1"]
[Date "2022.03.29"]
[WhiteClock "0:00:02"]
[BlackClock "0:00:11"]

1. e4 c6 2. d4 d5 3. e5 Bf5 4. h4 h5 5. Bd3 Bxd3 6. Qxd3 Qa5+ 7. b4 Qa6 8. Qb3 e6 9. a4 Qc4 10. Qxc4 dxc4 11. c3 Nd7 12. Nd2 a5 13. bxa5 Rxa5 14. Nxc4 Ra7 15. Bb2 b5 16. axb5 Rxa1+ 17. Bxa1 cxb5 18. Ne3 Nb6 19. Ne2 Ne7 20. Kd2 Kd7 21. Rb1 Kc6 22. Kd3 g6 23. d5+ Nexd5 24. Nd4+ Kb7 25. Nxb5 Nxe3 26. Kxe3 Bc5+ 27. Ke2 Ra8 28. c4 Ra2+ 29. Kd3 Kc6 30. Bd4 Nd7 31. g3 Bxd4 32. Nxd4+ Kc7 33. Nb5+ Kc6 34. Nd4+ Kc7 35. Nb5+ Kd8 36. f4 Rg2 37. Nd6 Rxg3+ 38. Kd4 Rg4 39. Ke3 Rxh4 40. Rb7 Rh3+ 41. Kd4 Rf3 42. Ke4 Rf1 43. Nxf7+ Ke7 44. Nd6 Rd1 45. Nc8+ Kd8 46. Nd6 Nc5+ 47. Ke3 Nxb7 48. Nxb7+ Ke7 49. Nd6 h4 50. Kf3 Rc1 51. Kg4 Rf1 52. Kxh4 Rxf4+ 53. Kg5 Rf1 54. Kxg6 Rg1+ 55. Kh5 Re1 56. Kg4 Rxe5 57. Nb5 Rc5 58. Na3 Ra5 59. Nc2 Ra4 60. Ne3 Kd6 61. Kf4 Ra5 62. Ke4 Rh5 63. Kd4 Rh4+ 64. Kd3 Kc5 65. Kc3 e5 66. Kd3 e4+ 67. Kc3 Rh3 68. Kd2 Kd4 69. Nf5+ Kxc4 70. Ne3+ Kd4 71. Nf5+ Ke5 72. Ne3 Rf3 73. Ke2 Rf8 74. Nc4+ Kd4 75. Ne3 Ra8 76. Nf5+ Ke5 77. Ne3 Ra2+ 78. Ke1 Kd4 79. Nd1 e3 0-1


[Site "https://www.chess.com"]

[Event "Titled Tuesday Blitz March 29 Late 2022"]
[White "Koutlas, Nikolaos"]
[Black "Manolache, Marius"]
[WhiteFideId "25827138"]
[BlackFideId "1201530"]
[WhiteElo "1610"]
[BlackElo "2389"]
[Result "0-1"]
[Round "04"]
[TimeControl "180+1"]
[Date "2022.03.30"]
[WhiteClock "0:00:08"]
[BlackClock "0:01:13"]

1. c4 e5 2. g3 Nf6 3. Bg2 Nc6 4. Nc3 Bb4 5. Nd5 Be7 6. Nf3 O-O 7. O-O Re8 8. Nxe7+ Qxe7 9. d3 h6 10. a3 a5 11. Bd2 a4 12. Bc3 d6 13. Re1 Ra6 14. e3 Bd7 15. d4 e4 16. Nd2 Bf5 17. h3 h5 18. f4 exf3 19. Qxf3 Qd7 20. Kh2 Ne4 21. Nxe4 Bxe4 22. Qxh5 Bxg2 23. Kxg2 Re4 24. Qf3 Qe7 25. Re2 Na5 26. c5 Nc4 27. cxd6 cxd6 28. d5 Ra8 29. Bd4 Re8 30. Rae1 Qg5 31. Rf2 R8e7 32. Qf5 Qxf5 33. Rxf5 Rxd4 34. Kf3 Rd2 0-1


[Site "https://www.chess.com"]

[Event "Titled Tuesday Blitz March 29 Late 2022"]
[White "Krstulovic, Alex"]
[Black "Steinberg, Nitzan"]
[WhiteFideId "760056"]
[BlackFideId "2801795"]
[WhiteElo "2193"]
[BlackElo "2440"]
[Result "0-1"]
[Round "04"]
[TimeControl "180+1"]
[Date "2022.03.29"]
[WhiteClock "0:00:02"]
[BlackClock "0:00:11"]

1. e4 e5 2. Nf3 Nc6 3. Bc4 Bc5 4. d3 Nf6 5. O-O O-O 6. Re1 h6 7. a4 d6 8. a5 a6 9. c3 Ba7 10. h3 Ne7 11. Nbd2 Ng6 12. Nf1 c6 13. Be3 Be6 14. Bxe6 fxe6 15. Qb3 Qd7 16. Ng3 Nh7 17. Bxa7 Rxa7 18. d4 Rxf3 19. gxf3 Ng5 20. Kh1 Qf7 21. Re3 Qf4 22. Rg1 Qh4 23. Rg2 Nxh3 24. Qxe6+ Kh7 25. Nf5 Nxf2+ 26. Kg1 Qh1+ 27. Kxf2 Qxg2+ 28. Kxg2 Nf4+ 29. Kg3 Nxe6 30. Nxd6 exd4 31. cxd4 Nxd4 32. f4 g6 33. Rd3 Nb5 34. Nc8 Ra8 35. Rd7+ Kg8 36. Ne7+ Kf7 37. Nd5+ Ke6 38. Nb6 Rf8 39. Rg7 Rf6 40. Nd7 Rf7 41. Nc5+ Kf6 42. Rg8 g5 43. e5+ Kf5 44. fxg5 hxg5 45. e6 Re7 46. Rf8+ Ke5 47. Kg4 Kd4 48. Rf7 Re8 49. Nxb7 Rxe6 50. Kxg5 Re2 51. Rf4+ Kd5 52. Rf5+ Kc4 53. Rf4+ Nd4 54. Nd6+ Kd5 55. Nf7 Ne6+ 0-1


[Site "https://www.chess.com"]

[Event "Titled Tuesday Blitz March 29 Late 2022"]
[White "Li, Ben"]
[Black "Bilan, Danila"]
[WhiteFideId "2089980"]
[BlackFideId "24161918"]
[WhiteElo "2267"]
[BlackElo "2164"]
[Result "1-0"]
[Round "04"]
[TimeControl "180+1"]
[Date "2022.03.29"]
[WhiteClock "0:00:40"]
[BlackClock "0:00:13"]

1. d4 d5 2. Nf3 Nf6 3. c4 c6 4. Nc3 e6 5. e3 Nbd7 6. Bd3 Bd6 7. e4 dxc4 8. Bxc4 e5 9. dxe5 Nxe5 10. Nxe5 Bxe5 11. Qxd8+ Kxd8 12. Bxf7 Bxc3+ 13. bxc3 Nxe4 14. O-O Rf8 15. Bb3 Kc7 16. Re1 Bf5 17. Bf4+ Kb6 18. Be5 Nc5 19. Bxg7 Nxb3 20. axb3 Rf7 21. Bd4+ c5 22. Be3 Kc6 23. f3 b6 24. Bf2 Rg8 25. Kh1 Rg6 26. Re8 Re6 27. Rxe6+ Bxe6 28. b4 cxb4 29. cxb4 Kb5 30. Be1 Bd5 31. Kg1 Rc7 32. Kf2 Rf7 33. Bd2 Bc4 34. g4 Re7 35. Re1 Rf7 36. f4 Kc6 37. Kg3 Rd7 38. Be3 Kb5 39. Rb1 Bd3 40. Rb2 Kc4 41. f5 Kc3 42. Rd2 Kxb4 43. f6 Kc3 44. Kf4 Bg6 45. Rxd7 1-0


[Site "https://www.chess.com"]

[Event "Titled Tuesday Blitz March 29 Late 2022"]
[White "Lin, Dachey"]
[Black "Milanovic, Marko"]
[WhiteFideId "2029650"]
[BlackFideId "980129"]
[WhiteElo "2313"]
[BlackElo "2159"]
[Result "1-0"]
[Round "04"]
[TimeControl "180+1"]
[Date "2022.03.30"]
[WhiteClock "0:02:08"]
[BlackClock "0:00:29"]

1. g4 d5 2. Bg2 Bxg4 3. c4 c6 4. Qb3 e6 5. cxd5 cxd5 6. Qa4+ Nd7 7. Qxg4 Rc8 8. Nc3 Ngf6 9. Qa4 a6 10. Nf3 Bc5 11. d4 Bd6 12. Bg5 h6 13. Bh4 O-O 14. O-O Nb6 15. Qb3 Nc4 16. Bg3 Ne4 17. Rad1 Bxg3 18. hxg3 Ned6 19. Ne5 Na5 20. Qb4 f6 21. Nd3 Ndc4 22. Nc5 Qe7 23. b3 Nc6 24. Qxb7 Rc7 25. Qxa6 Nb4 26. Qb5 Nb2 27. Qxb4 Nxd1 28. Rxd1 Rfc8 29. a4 Qd6 30. Nb5 Qb6 31. a5 Qb8 32. Na6 1-0


[Site "https://www.chess.com"]

[Event "Titled Tuesday Blitz March 29 Late 2022"]
[White "Maranhao,Jose Renato Ruiz"]
[Black "Kozina, Anastasia"]
[WhiteFideId "2135175"]
[BlackFideId "24174017"]
[WhiteElo "1970"]
[BlackElo "1993"]
[Result "1-0"]
[Round "04"]
[TimeControl "180+1"]
[Date "2022.03.30"]
[WhiteClock "0:00:11"]
[BlackClock "0:00:12"]

1. e4 e6 2. d4 d5 3. Nc3 Nf6 4. e5 Nfd7 5. f4 c5 6. Nf3 Nc6 7. Be3 a6 8. g3 b5 9. Ne2 Qb6 10. c3 b4 11. Bg2 a5 12. O-O Ba6 13. Rf2 a4 14. Qxa4 Be7 15. Qb3 O-O 16. a3 Na5 17. Qd1 Nc4 18. Bc1 cxd4 19. cxb4 d3 20. Ned4 d2 21. Bxd2 Nxb2 22. Qb3 Nc4 23. Be3 Nxe3 24. Qxe3 Bc4 25. Bf1 Bxb4 26. Bxc4 dxc4 27. Rb2 Rfb8 28. Rxb4 Qxb4 29. axb4 Rxa1+ 30. Kg2 Ra2+ 31. Kh3 Rxb4 32. Qc3 Rab2 33. Nc6 R4b3 34. Qd4 h6 35. Qxd7 Rxf3 36. Qe8+ Kh7 37. Ne7 h5 38. Qg8+ Kh6 39. Qh8# 1-0


[Site "https://www.chess.com"]

[Event "Titled Tuesday Blitz March 29 Late 2022"]
[White "Martin Duque, Jesus"]
[Black "Vifleemskaia, Svetlana"]
[WhiteFideId "2208954"]
[BlackFideId "4129490"]
[WhiteElo "2243"]
[BlackElo "1901"]
[Result "1-0"]
[Round "04"]
[TimeControl "180+1"]
[Date "2022.03.30"]
[WhiteClock "0:00:17"]
[BlackClock "0:00:29"]

1. Nf3 Nf6 2. e3 d6 3. d4 g6 4. Be2 Bg7 5. O-O O-O 6. c4 Nbd7 7. Nc3 e5 8. b4 exd4 9. exd4 d5 10. c5 c6 11. Bf4 Re8 12. Re1 a5 13. a3 axb4 14. axb4 Rxa1 15. Qxa1 Ne4 16. Bd3 Ndf6 17. Be5 Bf5 18. Na4 Qa8 19. h3 h5 20. Nb6 Qxa1 21. Rxa1 Nd7 22. Nxd7 Bxd7 23. Ra7 Bc8 24. Ra8 Bd7 25. Rxe8+ Bxe8 26. Bxg7 Kxg7 27. Bxe4 dxe4 28. Ng5 f5 29. Ne6+ Kf6 30. Nd8 Bd7 31. Nxb7 Ke6 32. h4 Kd5 33. Nd6 Kxd4 34. Nf7 Kc4 35. Ne5+ Kxb4 36. Nxd7 Kc4 37. g3 Kd5 38. Nf8 Kxc5 39. Nxg6 Kd4 40. Nf4 e3 41. Kf1 c5 42. Ne6+ Kd5 43. Nf4+ Ke4 44. Nxh5 c4 45. Nf4 c3 46. Ne2 c2 47. fxe3 Kxe3 48. h5 1-0


[Site "https://www.chess.com"]

[Event "Titled Tuesday Blitz March 29 Late 2022"]
[White "Martinez Alcantara, Jose Eduardo"]
[Black "Rustemov, Alexander"]
[WhiteFideId "3805662"]
[BlackFideId "4119002"]
[WhiteElo "2690"]
[BlackElo "2768"]
[Result "1-0"]
[Round "04"]
[TimeControl "180+1"]
[Date "2022.03.29"]
[WhiteClock "0:01:42"]
[BlackClock "0:00:01"]

1. c4 e6 2. g3 d5 3. Nf3 Nf6 4. Bg2 Be7 5. O-O O-O 6. b3 d4 7. e3 c5 8. exd4 cxd4 9. Bb2 Nc6 10. Re1 Rb8 11. Na3 Bc5 12. d3 Re8 13. Nc2 e5 14. b4 Bd6 15. b5 Nb4 16. Nxb4 Bxb4 17. Rxe5 Rxe5 18. Nxe5 Bf5 19. Qb3 Bc5 20. Nf3 h6 21. Re1 Qd7 22. Ba3 Bxa3 23. Qxa3 b6 24. Re7 Qd8 25. Ne5 Qf8 26. Rxa7 Qxa3 27. Rxa3 Re8 28. Nf3 Re2 29. h3 Rb2 30. Nxd4 Rb1+ 31. Kh2 Bg6 32. Ne2 Rd1 33. Nf4 Rd2 34. Kg1 1-0


[Site "https://www.chess.com"]

[Event "Titled Tuesday Blitz March 29 Late 2022"]
[White "Meduri, Aakaash"]
[Black "Lewtak, Damian"]
[WhiteFideId "2032252"]
[BlackFideId "1141724"]
[WhiteElo "2096"]
[BlackElo "2362"]
[Result "0-1"]
[Round "04"]
[TimeControl "180+1"]
[Date "2022.03.30"]
[WhiteClock "0:00:02"]
[BlackClock "0:01:27"]

1. f4 d5 2. Nf3 Nh6 3. b3 Nf5 4. Bb2 h5 5. e3 h4 6. Bd3 Nc6 7. a3 e6 8. Qe2 a6 9. Bxf5 exf5 10. Nc3 Be6 11. Nd1 Qd6 12. Nf2 O-O-O 13. Nd3 f6 14. O-O-O Na7 15. g3 hxg3 16. hxg3 Be7 17. Nf2 Qb6 18. Qd3 Nb5 19. a4 Nd6 20. Nd4 Ne4 21. Nxe4 dxe4 22. Qe2 Bd7 23. Kb1 c5 24. Qc4 Kb8 25. Ne2 Be6 26. Qc3 c4 27. bxc4 Rxh1 28. Rxh1 Rc8 29. Qb3 Qc5 30. Bd4 Qa5 31. d3 Qd2 32. Qb6 exd3 33. Qa7+ Kc7 34. Qb6+ Kd7 35. cxd3 Qxd3+ 36. Ka1 Bxc4 0-1


[Site "https://www.chess.com"]

[Event "Titled Tuesday Blitz March 29 Late 2022"]
[White "Melikhov, Evgeny V."]
[Black "Chernobay, Artem"]
[WhiteFideId "4122046"]
[BlackFideId "4167406"]
[WhiteElo "1945"]
[BlackElo "2473"]
[Result "0-1"]
[Round "04"]
[TimeControl "180+1"]
[Date "2022.03.30"]
[WhiteClock "0:00:21"]
[BlackClock "0:00:45"]

1. d4 Nf6 2. c4 e6 3. Nc3 Bb4 4. Qc2 O-O 5. e4 d5 6. e5 Ne4 7. Bd3 c5 8. Nf3 cxd4 9. Nxd4 Nd7 10. Bf4 Qh4 11. g3 Qh5 12. O-O Bxc3 13. bxc3 g5 14. cxd5 gxf4 15. dxe6 Ng5 16. exd7 Bxd7 17. gxf4 Nh3+ 18. Kh1 Kh8 19. Be4 Rg8 20. f3 Nxf4 21. Rg1 Bh3 22. Rxg8+ Rxg8 23. Rg1 Bg2+ 24. Rxg2 Rxg2 25. Qxg2 Nxg2 26. Kxg2 Qxe5 0-1


[Site "https://www.chess.com"]

[Event "Titled Tuesday Blitz March 29 Late 2022"]
[White "Miszler, Levente"]
[Black "Kalavannan, Koby"]
[WhiteFideId "763276"]
[BlackFideId "425753"]
[WhiteElo "1966"]
[BlackElo "1927"]
[Result "0-1"]
[Round "04"]
[TimeControl "180+1"]
[Date "2022.03.30"]
[WhiteClock "0:01:33"]
[BlackClock "0:01:12"]

1. Nf3 c5 2. c4 Nc6 3. d4 cxd4 4. Nxd4 g6 5. Nc3 Bg7 6. Nxc6 bxc6 7. g3 Nf6 8. Bg2 O-O 9. O-O Bb7 10. e4 Qa5 11. Be3 Rfd8 12. f4 d5 13. e5 Ne8 14. cxd5 cxd5 15. Bd4 Nc7 16. Qa4 Qxa4 17. Nxa4 Ne6 18. Bf2 Rac8 19. Rac1 Bc6 20. Nc5 Nxc5 21. Rxc5 e6 22. Rfc1 Bb7 23. Rxc8 Bxc8 24. Bxa7 Ba6 25. a3 d4 26. Bf1 d3 27. Rd1 g5 28. Kf2 gxf4 29. gxf4 f6 30. Bb6 Rb8 31. Bd4 fxe5 32. fxe5 Rf8+ 33. Ke3 Bh6+ 34. Ke4 Rf4+ 35. Ke3 Rxf1+ 36. Ke4 0-1


[Site "https://www.chess.com"]

[Event "Titled Tuesday Blitz March 29 Late 2022"]
[White "Mitrabha, Guha"]
[Black "Paravyan, David"]
[WhiteFideId "5057000"]
[BlackFideId "4194985"]
[WhiteElo "2468"]
[BlackElo "2569"]
[Result "0-1"]
[Round "04"]
[TimeControl "180+1"]
[Date "2022.03.29"]
[WhiteClock "0:01:22"]
[BlackClock "0:00:41"]

1. d4 Nf6 2. Nf3 g6 3. c4 Bg7 4. g3 c6 5. Bg2 d5 6. O-O O-O 7. Qb3 Qb6 8. Nc3 Rd8 9. c5 Qxb3 10. axb3 Nbd7 11. b4 Ne4 12. Bf4 Re8 13. Rfd1 e5 14. Nxe5 Nxc3 15. bxc3 Nxe5 16. dxe5 Bxe5 17. Bxe5 Rxe5 18. e3 Bf5 19. Rd4 a6 20. b5 cxb5 21. Rxd5 Rxd5 22. Bxd5 Rc8 23. Bxb7 Rxc5 24. Bxa6 Bd3 25. Ra3 Be4 26. Kf1 Bf3 27. Ke1 Rd5 28. Ra1 Rc5 29. Rb1 Rxc3 30. Bxb5 Kg7 31. Be2 Bxe2 32. Kxe2 Rc2+ 33. Kf3 h5 34. h3 Ra2 35. g4 hxg4+ 36. hxg4 g5 37. Rb5 Kg6 38. Rxg5+ Kxg5 0-1


[Site "https://www.chess.com"]

[Event "Titled Tuesday Blitz March 29 Late 2022"]
[White "Naroditsky, Daniel"]
[Black "Khanin, Semen"]
[WhiteFideId "2026961"]
[BlackFideId "4111990"]
[WhiteElo "2608"]
[BlackElo "2442"]
[Result "1-0"]
[Round "04"]
[TimeControl "180+1"]
[Date "2022.03.29"]
[WhiteClock "0:00:05"]
[BlackClock "0:00:03"]

1. d4 Nf6 2. Bf4 b6 3. e3 Bb7 4. c4 g6 5. Nf3 Bg7 6. Bd3 d6 7. Nc3 Nbd7 8. O-O O-O 9. e4 Nh5 10. Be3 e5 11. d5 h6 12. g3 Nc5 13. Bc2 a5 14. a3 Bc8 15. Nh4 Bh3 16. Re1 Nf4 17. Qd2 a4 18. Kh1 Kh7 19. Rg1 Nh5 20. Qe2 Qd7 21. Nf5 gxf5 22. exf5 Bxf5 23. Bxf5+ Qxf5 24. g4 Qd3 25. gxh5 Qxe2 26. Nxe2 f5 27. Rg6 Nd3 28. Rag1 Rf7 29. Ng3 f4 30. Nf5 Bf8 31. Nh4 fxe3 32. fxe3 Nf2+ 33. Kg2 Ne4 34. Re6 Be7 35. Ng6 Bg5 36. h4 Bxe3 37. Re1 Rf2+ 38. Kh3 Rf3+ 39. Kg2 Rg3+ 40. Kh2 Rf3 41. Re7+ Kg8 42. Kg2 Rg3+ 43. Kh2 Bf4 44. Nxf4 exf4 45. R1xe4 Rf8 46. R4e6 Rg7 47. Rg6 Rxg6 48. hxg6 f3 49. Kg1 f2+ 50. Kf1 Rf4 51. Rxc7 Rxh4 52. Kxf2 Rh2+ 53. Kf3 Rxb2 54. Kf4 Rb3 55. Rb7 Rxa3 56. Rxb6 Rc3 57. Kf5 Rxc4 58. Rxd6 a3 59. Ra6 Rc3 60. Ra8+ Kg7 61. Ra7+ Kg8 62. d6 Rd3 63. Ke6 Re3+ 64. Kf6 Rf3+ 65. Ke6 Re3+ 66. Kf5 Rd3 67. d7 a2 68. Ke6 Re3+ 69. Kf6 Rd3 70. Ra8# 1-0


[Site "https://www.chess.com"]

[Event "Titled Tuesday Blitz March 29 Late 2022"]
[White "Nazaretyan, Tigran"]
[Black "Fiol, Fabrice"]
[WhiteFideId "24162345"]
[BlackFideId "611670"]
[WhiteElo "2219"]
[BlackElo "2401"]
[Result "1-0"]
[Round "04"]
[TimeControl "180+1"]
[Date "2022.03.30"]
[WhiteClock "0:01:38"]
[BlackClock "0:01:10"]

1. d4 Nf6 2. c4 e6 3. Nf3 Bb4+ 4. Bd2 Qe7 5. Nc3 O-O 6. g3 Bxc3 7. Bxc3 Ne4 8. Rc1 Nxc3 9. Rxc3 d6 10. Bg2 e5 11. O-O a5 12. c5 exd4 13. cxd6 cxd6 14. Nxd4 Na6 15. Qd2 Nc5 16. Rd1 Rd8 17. Nb5 Bg4 18. h3 Qxe2 19. hxg4 Qxg4 20. Rxc5 Qxd1+ 21. Qxd1 dxc5 22. Qc2 g6 23. Bxb7 Rab8 24. Bc6 Rb6 25. Qxc5 Rdb8 26. a4 Kg7 27. Qe5+ Kg8 28. Bd5 h5 29. Qe7 Rf8 30. Nd6 Rxb2 31. Bxf7+ Kh8 32. Qf6+ Kh7 33. Qxg6+ Kh8 34. Qh6# 1-0


[Site "https://www.chess.com"]